Map: Echo of the past

Players

llllllllllll - Winner!

  • Race: Protoss Protoss
  • League: Diamond

RuffRiderz

  • Race: Zerg Zerg
  • League: Platinum

VOD

Have the link to the VOD?

Description

Time

  • Played on: Aug. 28, 2016, 12:49 p.m.
  • Length: 13:57
Show
View Real Time Build Order
Export as new Build Order

llllllllllll Protoss - Winner!

Build Orders:  

Get SALT Encoding   

  12  0:01  Probe (Chrono Boost)  
  13  0:11  Probe (Chrono Boost)  
  14  0:22  Probe (Chrono Boost), Pylon  
  15  0:40  Probe (Chrono Boost)  
  16  0:51  Probe (Chrono Boost)  
  17  0:57  Forge  
  17  0:59  Gateway  
  17  1:01  Probe (Chrono Boost)  
  18  1:08  Pylon  
  18  1:24  Pylon  
  18  1:27  Assimilator  
  18  1:28  Probe (Chrono Boost)  
  18  1:31  Assimilator  
  19  1:45  Probe (Chrono Boost)  
  20  1:47  Zealot  
  21  2:03  Photon Cannon  
  21  2:05  Pylon  
  21  2:08  Probe (Chrono Boost)  
  22  2:18  Probe (Chrono Boost)  
  23  2:26  Nexus  
  23  2:30  Zealot  
  25  2:41  Cybernetics Core  
  25  2:45  Probe (Chrono Boost)  
  26  2:56  Probe (Chrono Boost)  
  26  2:57  Zealot  
  29  3:01  Protoss Ground Weapons Level 1  
  29  3:02  Pylon  
  29  3:24  Stargate  
  29  3:33  Stargate  
  29  3:38  Zealot  
  31  3:43  Assimilator  
  31  3:44  Probe (Chrono Boost)  
  31  3:46  Probe (Chrono Boost)  
  34  3:56  Probe (Chrono Boost)  
  34  3:59  Pylon  
  34  4:05  Zealot  
  34  4:06  Probe (Chrono Boost)  
  37  4:13  Probe (Chrono Boost)  
  38  4:27  Probe (Chrono Boost)  
  38  4:29  Probe (Chrono Boost)  
  40  4:32  Zealot  
  42  4:40  Void Ray  
  42  4:41  Assimilator  
  46  4:47  Void Ray  
  50  5:03  Probe (Chrono Boost)  
  51  5:09  Probe (Chrono Boost)  
  51  5:13  Probe (Chrono Boost)  
  53  5:21  Probe (Chrono Boost)  
  54  5:24  Void Ray  
  58  5:34  Mothership Core (Chrono Boost)  
  60  5:41  Pylon  
  60  5:53  Void Ray  
  64  6:10  Void Ray  
  60  6:30  Void Ray  
  60  6:53  Void Ray  
  64  6:59  Probe (Chrono Boost)  
  64  7:01  Probe (Chrono Boost)  
  66  7:05  Robotics Facility  
  66  7:06  Robotics Facility  
  66  7:08  Pylon  
  66  7:11  Probe (Chrono Boost)  
  66  7:13  Probe (Chrono Boost)  
  68  7:18  Photon Cannon  
  68  7:20  Photon Cannon  
  68  7:21  Probe (Chrono Boost), Pylon  
  69  7:25  Probe (Chrono Boost)  
  69  7:28  Void Ray  
  70  7:32  Probe (Chrono Boost)  
  75  7:55  Robotics Bay  
  75  7:58  Void Ray  
  79  8:20  Void Ray  
  83  8:32  Pylon  
  83  8:33  Pylon  
  83  8:35  Pylon  
  83  8:37  Pylon  
  79  8:55  Colossus x2  
  79  8:56  Extended Thermal Lance  
  79  8:57  Void Ray  
  79  9:01  Probe (Chrono Boost)  
  96  9:06  Pylon  
  96  9:07  Pylon  
  96  9:10  Void Ray  
  100  9:48  Colossus  
  100  9:49  Colossus  
  112  9:54  Void Ray  
  116  10:34  Pylon  
  116  10:36  Pylon  
  116  10:38  Pylon  
  116  10:42  Colossus x2  
  124  11:26  Void Ray  
  124  11:31  Void Ray  
  132  11:35  Colossus  
  132  11:36  Colossus  
  144  11:55  Pylon  
  144  11:56  Pylon  
  144  12:00  Pylon  
  144  12:02  Pylon  
  144  12:03  Void Ray  
  144  12:04  Pylon  
  144  12:14  Void Ray  
  128  13:10  Void Ray  
Show
View Real Time Build Order
Export as new Build Order

RuffRiderz Zerg 

Build Orders: Pool First 

Get SALT Encoding   

  12  0:01  Drone  
  13  0:14  Drone  
  13  0:18  Overlord  
  14  0:33  Spawning Pool  
  13  0:37  Drone  
  13  0:41  Drone  
  15  0:51  Extractor  
  15  0:54  Drone x2  
  16  1:25  Zergling x6  
  19  1:55  Drone x2  
  21  2:02  Hatchery  
  20  2:16  Drone  
  20  2:17  Drone  
  22  2:22  Extractor  
  22  2:23  Drone  
  22  2:33  Roach Warren  
  22  2:34  Drone  
  22  2:49  Hatchery  
  21  2:56  Drone  
  21  2:58  Overlord  
  22  3:13  Queen  
  24  3:22  Drone x2  
  24  3:23  Drone  
  27  3:31  Queen  
  29  3:37  Spore Crawler  
  29  3:39  Drone x4  
  32  3:46  Metabolic Boost  
  32  3:50  Roach  
  34  3:58  Queen  
  36  4:06  Spore Crawler, Drone  
  36  4:18  Drone x4  
  40  4:27  Evolution Chamber  
  39  4:32  Evolution Chamber  
  39  4:35  Lair  
  38  4:41  Drone x2  
  40  4:46  Drone x2  
  40  4:52  Overlord  
  42  5:07  Baneling Nest  
  42  5:11  Overlord x2  
  42  5:13  Zergling x2  
  42  5:14  Zergling x6  
  42  5:15  Zergling x2  
  42  5:17  Drone  
  47  5:27  Drone x3  
  50  5:29  Overlord  
  50  5:39  Hydralisk Den  
  50  5:42  Zerg Missile Weapons Level 1  
  46  5:52  Drone x6  
  45  6:20  Hydralisk x4  
  45  6:21  Hydralisk x6  
  60  6:40  Hatchery  
  60  6:47  Drone x2  
  57  7:01  Muscular Augments  
  57  7:04  Drone  
  57  7:05  Drone  
  59  7:13  Queen  
  61  7:23  Overlord x2  
  61  7:44  Hatchery  
  60  7:51  Hydralisk x2  
  64  8:03  Spore Crawler  
  63  8:11  Drone  
  63  8:12  Drone x3  
  67  8:25  Hydralisk x5  
  77  8:32  Extractor  
  76  8:35  Extractor  
  75  8:45  Overlord x3  
  75  8:53  Overlord x3  
  75  9:01  Zerg Missile Weapons Level 2  
  75  9:03  Zerg Ground Armor Level 1  
  75  9:15  Hydralisk x3  
  75  9:16  Hydralisk  
  83  9:30  Hatchery  
  82  9:35  Spire  
  81  9:38  Drone x2  
  81  9:39  Drone x6  
  89  9:52  Drone x5  
  94  9:53  Drone x3  
  97  10:06  Drone x2  
  99  10:07  Drone  
  99  10:11  Extractor  
  99  10:13  Extractor  
  98  10:14  Spore Crawler  
  98  10:17  Spore Crawler x2, Drone x2  
  98  10:18  Drone x2  
  99  10:28  Queen  
  99  10:29  Queen  
  103  10:48  Corruptor x4  
  103  10:49  Corruptor x2  
  115  10:54  Drone  
  115  10:55  Drone x2  
  118  11:00  Drone x4  
  118  11:02  Overlord x2  
  122  11:05  Pneumatized Carapace  
  120  11:26  Hatchery  
  120  11:32  Roach x4  
  127  11:45  Mutalisk x2  
  131  11:49  Overlord x3  
  131  12:07  Hatchery  
  131  12:08  Mutalisk  
  130  12:09  Mutalisk  
  134  12:19  Mutalisk x2  
  44  12:59  Hydralisk  
  44  13:00  Hydralisk x5  
Tags
 
Add a new tag
Caveats
  • Supply blocks, unpowered buildings, or Contaminate may cause inaccurate times.
  • Supply counts are checked every 10 seconds.